 Dungeon Crawl Stone Soup version 0.28-a0-1389-gc726bef33b (webtiles) character file.

Game seed: 13556926246796605748

66 Lekart the Chopper (level 3, -10/33 HPs)
             Began as a Draconian Chaos Knight on Jan 3, 2022.
             Was a Plaything of Xom.
             Mangled by Natasha (11 damage)
             ... on level 2 of the Dungeon.
             The game lasted 00:01:08 (1618 turns).

Lekart the Chopper (Draconian Chaos Knight)         Turns: 1618, Time: 00:01:08

Health: -10/33     AC:  5    Str: 14    XL:     3   Next: 96%
Magic:  3/3        EV: 12    Int: 12    God:    Xom [...*..]
Gold:   33         SH:  0    Dex: 12    Spells: 2/2 levels left

rFire   . . .      SeeInvis .   a - +0 hand axe (chaos)
rCold   . . .      Faith    .   (no shield)
rNeg    . . .      Spirit   .   (armour unavailable)
rPois   .          Reflect  .   (helmet restricted)
rElec   .          Harm     .   (no cloak)
rCorr   .          Rampage  .   (no gloves)
Will    .....                   (no boots)
Stlth   +.........              (no amulet)
HPRegen 0.11/turn               (no ring)
MPRegen 0.08/turn               (no ring)

@: no status effects
A: AC +5, unfitting armour, cold-blooded
a: Renounce Religion


You were on level 2 of the Dungeon.
You worshipped Xom.
You were a favourite toy of Xom.
You visited 1 branch of the dungeon, and saw 2 of its levels.

You collected 33 gold pieces.

Inventory:

Hand Weapons
 a - a +0 hand axe of chaos (weapon)
Scrolls
 d - a scroll of identify {unknown}
Potions
 b - 2 potions of might {unknown}
 c - a potion of mutation {unknown}


   Skills:
 + Level 3.9 Fighting
 + Level 4.0 Axes
 + Level 2.7 Dodging
 + Level 0.1 Stealth


You had 2 spell levels left.
You didn't know any spells.
Your spell library contained the following spells:

 Spells                   Type           Power      Damage    Failure   Level
 Magic Dart               Conj           0%         1d3       32%         1
 Searing Ray              Conj           0%         2d4       45%         2
 Fulminant Prism          Conj/Hex       0%         3d6       97%         4


Dungeon Overview and Level Annotations

Branches:
Dungeon (2/15)

Altars:

Annotations:
D:2 Natasha


Innate Abilities, Weirdness & Mutations

Your plain brown scales are hard. (AC +5)
You cannot fit into any form of body armour.
You are cold-blooded and may be slowed by cold attacks.


Message History

Natasha claws you but does no damage.
You hit Natasha but do no damage. Natasha barely misses you.
You hit Natasha.
Natasha appears confused.
You tail-slap Natasha, but do no damage.
Natasha is moderately wounded.
Natasha claws you but does no damage.
You hit Natasha.
Natasha seems to grow stronger.
Xom thinks this is hilarious!
Natasha is moderately wounded.
Natasha barely misses you.
You catch the helpless Natasha completely off-guard!
You hit Natasha.
You feel better.
Natasha is heavily wounded.
You barely miss Natasha.
Natasha is heavily wounded.
Natasha closely misses you.
You barely miss Natasha. You tail-slap Natasha.
Natasha is severely wounded.
Natasha claws you!
You are too injured to fight recklessly!
You are too injured to fight recklessly!
You are too injured to fight recklessly!
You hit Natasha.
Natasha goes berserk!
Your tail-slap misses Natasha.
Natasha is severely wounded.
Natasha barely misses you.
You barely miss Natasha.
Natasha is severely wounded.
Natasha rages.
You hit Natasha but do no damage.
Natasha is severely wounded.
Natasha rages.
Found a faded altar of an unknown god.
Natasha seems less confused.
Natasha claws you. Natasha claws you!
* * * LOW HITPOINT WARNING * * *
You barely miss Natasha.
Natasha is severely wounded.
You hit the plant.
The plant begins to die.
You burn the plant. Natasha claws you!
You die...
Xom titters!

. _#..#.. #P
.#.#..#...#
#$.#.≈..P..P.#
##P.#...⌠.≈...#
###...#...⌠⌠≈...#
#.. ..#..≈P.....#
#... #hP..P.....#
#....#.@.P.P.P..#
.......§.....##†##
#.....)†.........##
####..##########..#
#.# ##.# #. #.# #
####.# #....##
#########.#...#


You could see Natasha (berserk, strong).

Vanquished Creatures
  Terence (D:2)
  A dart slug (D:1)
  4 bats
  6 endoplasms
  3 goblins
  3 hobgoblins (D:1)
  4 jackals (D:1)
  2 kobolds (D:1)
  5 quokkas
  4 ball pythons
  3 frilled lizards
  A rat (D:2)
37 creatures vanquished.

Vanquished Creatures (others)
  2 plants (D:2)
2 creatures vanquished.

Grand Total: 39 creatures vanquished

Notes
Turn   | Place    | Note
-------+----------+-------------------------------------------
     0 | D:1      | Lekart the Draconian Chaos Knight began the quest for the
                  | Orb.
     0 | D:1      | Reached XP level 1. HP: 19/19 MP: 1/1
   365 | D:1      | Reached XP level 2. HP: 24/26 MP: 2/2
   415 | D:1      | XOM: cloud trail
   439 | D:1      | XOM: scenery: 1 doors open
   442 | D:1      | XOM: enchant monster (bad)
   847 | D:1      | Reached XP level 3. HP: 33/33 MP: 3/3
  1006 | D:1      | XOM: silly message
  1153 | D:1      | XOM: noise
  1356 | D:2      | Noticed Terence
  1363 | D:2      | Killed Terence
  1364 | D:2      | Reached skill level 4 in Axes
  1548 | D:2      | XOM: cloud trail
  1603 | D:2      | Noticed Natasha
  1617 | D:2      | Found a faded altar of an unknown god.
  1617 | D:2      | HP: 1/33 [Natasha (9)]
  1618 | D:2      | Mangled by Natasha

Illustrated notes

Levels and vault maps discovered:
D:1:      sevenhm_arrival_forest_fort_large_2, layout_loops_corners
D:2:      layout_rooms, serial_shops, shop, nicolae_diamond_shop,
          nicolae_shop_waterfront, shapermc_ecumenical_altar_mp_ritualfount,
          minmay_diced_spiral, uniq_crazy_yiuf_cottage, uniq_terence,
          uniq_natasha

Skill      XL: |  1  2  3 |
---------------+----------+-----
Axes           | 4 |  4.0
Fighting       | |  3.9
Dodging        | |  2.7
Stealth        | |  0.1

Action                   || total
-------------------------++-------
Melee: Hand axe          ||    94
       Tailslap          ||     7
 Stab: Confused          ||     1
Armor: Skin              ||    47
Dodge: Dodged            ||    71

Table legend: (Time is in decaauts)
 A = Elapsed time spent in this place.
 B = Non-inter-level travel time spent in this place.
 C = Inter-level travel time spent in this place.
 D = Time resting spent in this place.
 E = Time spent auto-exploring this place.
 F = Levels seen in this place.
 G = Mean time per level.
                   A        B        C        D        E       F      G
               +--------+--------+--------+--------+--------+-----+--------+
         Total |   1630 |   1549 |     81 |      0 |   1311 |   2 |  815.0 |
       Dungeon |   1630 |   1549 |     81 |      0 |   1311 |   2 |  815.0 |
               +--------+--------+--------+--------+--------+-----+--------+

Top non-repeatable levels by time:
     D:1: 1324 daAuts
     D:2: 305 daAuts
